 Dungeon Crawl Stone Soup version 0.26.1-2-gb8aa6d0cf2 (webtiles) character file.

Game seed: 7341877165250214480

380 FishyPogo the Skirmisher (level 6, -12/49 HPs)
             Began as a Demonspawn Gladiator on Feb 23, 2021.
             Killed by divine providence
             ... invoked by an orc priest
              (14 damage)
             ... on level 4 of the Dungeon.
             The game lasted 00:08:09 (3468 turns).

FishyPogo the Skirmisher (Demonspawn Gladiator)     Turns: 3468, Time: 00:08:12

Health: -12/49     AC:  7    Str: 14    XL:     6   Next: 46%
Magic:  6/6        EV: 14    Int: 10    God:
Gold:   166        SH:  0    Dex: 16    Spells: 5/5 levels left

rFire    + . .     SeeInvis .   a - +0 long sword
rCold    x . .     Faith    .   (no shield)
rNeg     . . .     Spirit   .   b - +0 leather armour
rPois    .         Reflect  .   (helmet restricted)
rElec    .         Harm     .   (no cloak)
rCorr    .         Rampage  .   (no gloves)
Will     .....                  (no boots)
Stlth    +.........             (no amulet)
HPRegen  0.16/turn              w - ring of fire
MPRegen  0.10/turn              (no ring)

@: no status effects
A: beak, thin metallic scales 2, shaggy fur 1, evolution 1
a: no special abilities


You were on level 4 of the Dungeon.
You visited 1 branch of the dungeon, and saw 4 of its levels.

You collected 166 gold pieces.

Inventory:

Hand Weapons
 a - a +0 long sword (weapon)
Missiles
 d - 3 throwing nets
 m - 137 stones (quivered)
 y - 8 poisoned darts
 A - 2 boomerangs
Armour
 b - a +0 leather armour (worn)
 c - a +0 helmet
 t - the +2 helmet "Xitibleq" {+Blink Int+5 Dex-4}
   (You took it off Robin on level 2 of the Dungeon)

   It affects your intelligence (+5).
   It affects your dexterity (-4).
   It lets you blink.
Magical Staves
 z - an uncursed staff of conjuration {unknown}
Jewellery
 w - a ring of fire (left hand)
Wands
 B - a wand of iceblast (8)
 D - a wand of flame (8)
Scrolls
 f - 2 scrolls of random uselessness {unknown}
 h - 6 scrolls of identify {unknown}
 i - a scroll of noise {unknown}
 j - 2 scrolls of fear {unknown}
 k - 3 scrolls of magic mapping {unknown}
 l - 3 scrolls of remove curse {unknown}
 r - 3 scrolls of teleportation {unknown}
 v - a scroll of immolation {unknown}
 C - a scroll of fog {unknown}
 E - a scroll of enchant weapon {unknown}
Potions
 e - 2 potions of haste {unknown}
 g - a potion of resistance {unknown}
 n - a potion of degeneration {unknown}
 o - 2 potions of mutation
 p - a potion of lignification
 q - 3 potions of might
 s - a potion of brilliance
 u - 2 potions of attraction {unknown}
 x - 2 potions of ambrosia {unknown}


   Skills:
 * Level 4.6 Fighting
 + Level 3.8 Long Blades
 - Level 2.0 Throwing
 * Level 2.1 Armour
 + Level 3.8 Dodging


You had 5 spell levels left.
You didn't know any spells.
Your spell library was empty.

Dungeon Overview and Level Annotations

Branches:
Dungeon (4/15)
 Temple: D:4-7

Altars:


Innate Abilities, Weirdness & Mutations

You are mostly covered in thin metallic scales. (AC +3)
You have a beak for a mouth.
You are covered in fur. (AC +1)
You evolve.


Message History

* * * LOW HITPOINT WARNING * * *
You miss the orc wizard.
The orc wizard hits you but does no damage.
The orc priest calls down the wrath of Beogh upon you.
Pain shoots through your body!
* * * LOW HITPOINT WARNING * * *
It was a potion of mutation.
You feel extremely strange.
You feel nature experimenting on you.
Don't worry, failures die fast.
Your mouth lengthens and hardens into a beak!
The +2 helmet "Xitibleq" {+Blink Int+5 Dex-4} falls away!
Fur sprouts all over your body.
The orc hits you from afar with a +0 trident.
* * * LOW HITPOINT WARNING * * *
The orc wizard barely misses you.
You riposte.
You hit the orc wizard but do no damage.
You peck the orc wizard.
The orc wizard is moderately wounded.
The orc priest calls down the wrath of Beogh upon you.
Beogh smites you!
You die...

##....... ... ..
#.......# #.# #.
#....o.. #.# #.
#.......#####.#######.
#)....#....†..........
#.... #######.#######.
#..# #[# #.
#.o#########.# #.
#..o@........# ##
##.o....###### #
######..... . ######
##


You could see an orc priest, an orc wizard and an orc.

Vanquished Creatures
  An ogre (D:4)
  A bullfrog skeleton (D:4)
  A centaur skeleton (D:4)
  A hound (D:4)
  An orc wizard (D:4)
  Natasha (D:4)
  2 worker ants (D:4)
  Robin (D:2)
  An adder (D:2)
  A worm (D:3)
  A dart slug (D:3)
  4 leopard geckos
  7 orcs (D:4)
  5 giant cockroaches
  15 goblins
  6 hobgoblins
  6 jackals (D:1)
  7 kobolds
  A quokka (D:4)
  3 ball pythons
  11 bats
  2 frilled lizards (D:1)
  6 rats
85 creatures vanquished.

Notes
Turn   | Place    | Note
-------+----------+-------------------------------------------
     0 | D:1      | FishyPogo the Demonspawn Gladiator began the quest for the
                  | Orb.
     0 | D:1      | Reached XP level 1. HP: 16/16 MP: 1/1
    60 | D:1      | Gained mutation: You are partially covered in thin metallic
                  | scales. (AC +2) [demonic ancestry]
    60 | D:1      | Reached XP level 2. HP: 14/22 MP: 2/2
   425 | D:1      | Reached XP level 3. HP: 16/28 MP: 3/3
   932 | D:2      | Identified the +2 helmet "Xitibleq" {+Blink Int+5 Dex-4}
   932 | D:2      | Noticed Robin
  1031 | D:2      | Reached skill level 3 in Fighting
  1037 | D:2      | Killed Robin
  1406 | D:2      | Reached XP level 4. HP: 32/35 MP: 4/4
  2694 | D:4      | Reached XP level 5. HP: 15/42 MP: 5/5
  3032 | D:4      | Reached skill level 4 in Fighting
  3089 | D:4      | Reached skill level 1 in Armour
  3218 | D:4      | Noticed an ogre
  3225 | D:4      | Killed an ogre
  3337 | D:4      | Gained mutation: You are mostly covered in thin metallic
                  | scales. (AC +3) [demonic ancestry]
  3337 | D:4      | Reached XP level 6. HP: 46/49 MP: 6/6
  3365 | D:4      | Noticed Natasha
  3378 | D:4      | Killed Natasha
  3468 | D:4      | Gained mutation: You evolve. [potion of mutation]
  3468 | D:4      | Gained mutation: You have a beak for a mouth. [potion of
                  | mutation]
  3468 | D:4      | Gained mutation: You are covered in fur. (AC +1) [potion of
                  | mutation]
  3468 | D:4      | HP: 2/49 [orc/+0 trident (4)]
  3468 | D:4      | Killed from afar by an orc priest

Illustrated notes

Levels and vault maps discovered:
D:1:      dpeg_arrival_ternary, layout_rooms, minmay_pentomino_v4
D:2:      layout_basic, uniq_robin
D:3:      layout_loops_ring
D:4:      layout_loops_ring, uniq_natasha

Skill      XL: |  1  2  3  4  5  6 |
---------------+-------------------+-----
Throwing       | 2 |  2.0
Long Blades    | 3 |  3.8
Dodging        | 3 |  3.8
Fighting       | 3 4 |  4.6
Armour         | 1 2 |  2.1

Action                   |  1- 3 |  4- 6 || total
-------------------------+-------+-------++-------
Melee: Long sword        |   111 |   111 ||   222
       Unarmed           |       |    18 ||    18
       Peck              |       |     1 ||     1
Throw: Stone             |    16 |     3 ||    19
 Abil: Evoke Blink       |       |     1 ||     1
  Use: Potion            |       |     4 ||     4
 Stab: Sleeping          |     1 |       ||     1
Armor: Leather armour    |    72 |    52 ||   124
       Skin              |       |    23 ||    23
Dodge: Dodged            |   123 |    86 ||   209
       Rpst.: Long sword |    43 |    27 ||    70
